Map: Cactus Valley LE (Void)

Players

Paramount - Winner!

  • Race: Zerg Zerg
  • League: Diamond
  • Spawn Location: 11:00

Musumeci

  • Race: Zerg Zerg
  • League: Diamond
  • Spawn Location: 5:00

VOD

Have the link to the VOD?

Description

Time

  • Played on: March 15, 2017, 9:16 a.m.
  • Length: 9:11
Show
View Real Time Build Order
Export as new Build Order

Paramount Zerg - Winner!

Build Orders: Hatch First 

Get SALT Encoding   

  12  0:01  Drone  
  13  0:13  Overlord  
  13  0:18  Drone  
  14  0:31  Drone x2  
  14  0:35  Drone  
  17  0:53  Hatchery  
  17  0:55  Drone  
  17  0:59  Drone  
  18  1:14  Spawning Pool  
  18  1:16  Drone  
  18  1:19  Drone  
  19  1:29  Drone  
  20  1:39  Overlord  
  20  1:52  Drone  
  21  2:00  Queen, Drone  
  24  2:05  Queen  
  24  2:06  Spine Crawler, Drone  
  26  2:14  Drone  
  27  2:22  Drone x2  
  29  2:27  Overlord  
  29  2:33  Zergling x2  
  30  2:40  Queen  
  30  2:41  Queen  
  34  2:46  Drone x2  
  34  2:48  Zergling x2  
  37  2:58  Drone  
  38  3:00  Drone, Extractor  
  38  3:03  Extractor  
  38  3:05  Drone  
  38  3:13  Drone x6  
  38  3:16  Extractor  
  38  3:18  Extractor  
  42  3:24  Drone x2  
  44  3:31  Overlord  
  44  3:33  Overlord  
  43  3:42  Drone  
  44  3:49  Evolution Chamber  
  44  3:50  Roach Warren  
  44  3:55  Drone x4  
  46  3:59  Lair  
  47  4:02  Zergling x2  
  47  4:03  Zergling x4  
  47  4:08  Drone x5  
  54  4:18  Zerg Missile Weapons Level 1  
  54  4:20  Overlord  
  54  4:21  Overlord  
  54  4:30  Drone  
  55  4:31  Drone  
  55  4:34  Roach  
  55  4:35  Roach  
  60  4:45  Roach x4  
  68  4:48  Overlord  
  68  4:59  Glial Reconstitution  
  68  5:01  Overlord x2  
  68  5:08  Overseer  
  68  5:11  Overseer  
  68  5:14  Drone x4  
  72  5:30  Hatchery  
  72  5:31  Roach x5  
  72  5:34  Roach  
  83  5:39  Overlord  
  83  5:40  Overlord  
  83  5:48  Roach  
  83  5:49  Roach x2  
  89  5:55  Roach  
  91  5:58  Overlord x2  
  91  5:59  Roach  
  92  6:08  Drone x4  
  91  6:22  Roach  
  91  6:23  Roach x4  
  101  6:36  Roach x5  
  111  6:42  Roach  
  111  6:43  Roach  
  111  6:44  Drone x3  
  111  6:45  Queen  
  120  6:52  Roach  
  122  7:00  Ravager  
  123  7:02  Ravager x4  
  123  7:06  Roach  
  129  7:14  Overlord  
  129  7:15  Overlord x4  
  129  7:46  Roach x15  
  159  8:00  Zergling x2  
  159  8:03  Roach  
  159  8:04  Roach x4  
  170  8:14  Overlord x3  
  170  8:15  Overlord  
  168  8:29  Overlord  
  168  8:30  Overlord x2  
  166  8:48  Roach x15  
Show
View Real Time Build Order
Export as new Build Order

Musumeci Zerg 

Build Orders: Pool First 

Get SALT Encoding   

  12  0:02  Drone  
  13  0:08  Drone  
  14  0:18  Drone, Extractor  
  15  0:30  Overlord  
  15  0:34  Extractor  
  15  0:35  Drone, Extractor  
  16  0:48  Drone  
  17  0:53  Spawning Pool  
  17  0:54  Drone  
  17  0:55  Extractor  
  16  0:57  Drone  
  17  1:22  Hatchery  
  17  1:24  Drone  
  17  1:28  Drone  
  17  1:32  Drone  
  20  1:47  Drone  
  20  2:03  Drone  
  20  2:04  Drone  
  22  2:10  Extractor  
  22  2:11  Queen, Spore Crawler  
  24  2:17  Overlord  
  24  2:19  Metabolic Boost  
  24  2:34  Zergling x2, Roach Warren  
  24  2:35  Zergling x2  
  25  2:40  Queen  
  27  2:54  Drone x4  
  31  2:59  Overlord  
  31  3:29  Roach x4  
  39  3:46  Drone x5  
  39  3:48  Hatchery  
  43  4:01  Drone  
  44  4:12  Lair  
  44  4:14  Extractor  
  44  4:17  Evolution Chamber  
  42  4:24  Drone x2  
  44  4:38  Overlord x3  
  44  4:53  Zerg Missile Weapons Level 1  
  44  4:57  Drone x8  
  44  4:59  Extractor  
  51  5:06  Queen  
  53  5:08  Roach x5  
  63  5:16  Roach x2  
  67  5:24  Glial Reconstitution  
  67  5:27  Roach  
  67  5:28  Roach  
  69  5:46  Drone  
  69  5:47  Drone x2  
  72  5:53  Overlord x3  
  72  5:54  Overlord x2  
  74  6:11  Roach x7  
  84  6:27  Roach x6  
  92  6:42  Roach  
  92  6:43  Roach x5  
  92  6:46  Drone x2  
  106  7:00  Zerg Ground Armor Level 1  
  106  7:02  Overlord x3  
  106  7:21  Ravager x2  
  106  7:22  Ravager x2  
  110  7:27  Roach  
  110  7:28  Roach  
  114  7:31  Drone x3  
  114  7:32  Extractor  
  114  7:34  Drone x5  
  121  7:46  Overlord x4  
  121  8:04  Roach x4  
  121  8:05  Roach x7  
  134  8:39  Overlord x3  
  109  8:48  Roach  
  109  8:49  Roach x4  
Tags
 
Add a new tag
Caveats
  • Supply blocks, unpowered buildings, or Contaminate may cause inaccurate times.
  • Supply counts are checked every 10 seconds.